 Dungeon Crawl Stone Soup version 0.22-a0-81-g7478db5 (webtiles) character file.

258 KristoblXynda the Ruffian (level 6, 0/51 HPs)
             Began as a Naga Transmuter on Jan 18, 2018.
             Slain by an adder (4 damage)
             ... on level 4 of the Dungeon.
             The game lasted 00:10:06 (4989 turns).

KristoblXynda the Ruffian (Naga Transmuter)         Turns: 4989, Time: 00:10:06

Health: 0/51       AC:  2    Str: 13    XL:     6   Next: 16%
Magic:  3/9        EV: 19    Int: 14    God:
Gold:   109        SH:  0    Dex: 17    Spells: 1/9 levels left

rFire    . . .     SeeInvis +     - Unarmed
rCold    . . .     Gourm    .   (shield currently unavailable)
rNeg     . . .     Faith    .   (armour currently unavailable)
rPois    x         Spirit   .   (helmet currently unavailable)
rElec    .         Reflect  .   (cloak currently unavailable)
rCorr    .         Harm     .   (gloves currently unavailable)
MR       .....                  (no barding)
Stlth    +++.......             (no amulet)
HPRegen  0.17/turn              (no ring)
MPRegen  0.11/turn              (no ring)

@: lethally poisoned (0 -> -4), spider-form (expiring), very slightly
contaminated
A: tiny, see invisible, slow metabolism 1, spit poison 1, AC +2
a: Spit Poison, End Transformation


You were on level 4 of the Dungeon.
You were hungry.
You were a venomous arachnid creature.
You visited 1 branch of the dungeon, and saw 4 of its levels.

You collected 109 gold pieces.

Inventory:

Hand Weapons
 e - a +1 short sword of holy wrath
Armour
 a - a +0 buckler
 o - a +1 robe (melded)
Magical Staves
 j - an uncursed staff of conjuration
Scrolls
 h - 2 scrolls of teleportation {unknown}
 l - 2 scrolls of enchant weapon {unknown}
 m - 2 scrolls of remove curse
Potions
 b - a potion of haste
 f - a potion of might
 g - a potion of brilliance {unknown}
 i - a potion of degeneration {unknown}
 n - a potion of berserk rage {unknown}
 p - 3 potions of flight
 q - a potion of mutation {unknown}
Books
 c - a book of Changes

   Spells                             Type                      Level
   a - Beastly Appendage              Transmutation                1
   b - Sticks to Snakes               Transmutation                2
   c - Spider Form                    Transmutation/Poison         3
   d - Ice Form                       Ice/Transmutation            4
   e - Blade Hands                    Transmutation                5
Comestibles
 d - 6 rations


   Skills:
 - Level 1.0 Fighting
 - Level 1.5 Dodging
 + Level 4.4 Stealth
 * Level 5.2 Unarmed Combat
 - Level 2.0 Spellcasting
 + Level 3.4 Transmutations


You had one spell level left.
You knew the following spells:

 Your Spells              Type           Power        Failure   Level  Hunger
a - Beastly Appendage     Tmut           ##....       17%         1    ##.....
b - Spider Form           Tmut/Pois      #.........   56%         3    ####...
c - Ice Form              Ice/Tmut       #.......     89%         4    #####..


Dungeon Overview and Level Annotations

Branches:
Dungeon (4/15)
 Temple: D:4-7

Altars:
Hepliaklqana
Trog
Uskayaw


Innate Abilities, Weirdness & Mutations

You cannot wear boots.
((Your serpentine skin is tough. (AC +2)))
You have supernaturally acute eyesight. (SInv)
((Armour fits poorly on your strangely shaped body.))
((Your system is resistant to poisons. (rPois)))
((You cover ground very slowly.))
You have a slow metabolism.
You can spit poison.


Message History

You feel sick.
You kill the orc wizard!
The adder bites you.
* * * LOW HITPOINT WARNING * * *
The orc misses you.
* * * LOW HITPOINT WARNING * * *
You feel sick. The adder barely misses you.
You closely miss the adder.
The adder is severely wounded.
* * * LOW HITPOINT WARNING * * *
You feel sick. The orc misses you. The adder closely misses you.
Unknown command.
You hit the orc but do no damage.
The orc is poisoned.
The adder closely misses you.
Unknown command.
You miss the adder.
The adder is severely wounded.
* * * LOW HITPOINT WARNING * * *
You feel sick. The orc completely misses you. The adder bites you.
You die...

#...####[..##
##..###
#........##
##..##
##......##
##..##
###.....####...#
##...........#
#....########
#..### ##..#
#s.## #So#
......).)#
........##
........#
....##### ..## #


You could see an adder and an orc.

Vanquished Creatures
  A bullfrog skeleton (D:4)
  3 orc wizards (D:4)
  5 adders
  2 oozes
  A worm (D:4)
  2 dart slugs (D:2)
  2 leopard geckos
  6 orcs
  8 giant cockroaches
  9 hobgoblins
  6 jackals
  2 quokkas
  8 bats
  2 frilled lizards
  9 goblins
  9 kobolds
  7 rats
82 creatures vanquished.

Notes
Turn   | Place    | Note
-------+----------+-------------------------------------------
     0 | D:1      | KristoblXynda the Naga Transmuter began the quest for the Orb.
     0 | D:1      | Reached XP level 1. HP: 18/18 MP: 3/3
   362 | D:1      | Reached skill level 1 in Stealth
   362 | D:1      | Reached XP level 2. HP: 19/25 MP: 5/5
  1148 | D:1      | Reached XP level 3. HP: 28/31 MP: 6/6
  1588 | D:1      | Learned a level 3 spell: Spider Form
  2139 | D:2      | Reached skill level 4 in Unarmed Combat
  2151 | D:2      | Reached XP level 4. HP: 13/38 MP: 5/7
  2797 | D:2      | Found a bloodstained altar of Trog.
  2804 | D:2      | Found a hazy altar of Hepliaklqana.
  2807 | D:2      | Found a hide-covered altar of Uskayaw.
  3023 | D:3      | Found a faded altar of an unknown god.
  3091 | D:3      | Reached XP level 5. HP: 44/44 MP: 8/8
  4346 | D:4      | Learned a level 4 spell: Ice Form
  4619 | D:4      | Reached skill level 5 in Unarmed Combat
  4619 | D:4      | Reached XP level 6. HP: 29/51 MP: 9/9
  4989 | D:4      | Slain by an adder

Vault maps used:
D:1:      giann_bridges
D:2:      kennysheep_big_flooded_room, minitemple
D:3:      chequers_ecumenical_altar_simple, serial_glass, glass_columns_a,
          glass_columns_b
D:4:      minmay_goblin_kobold_castle, first_ration

Skill      XL: |  1  2  3  4  5 |
---------------+----------------+-----
Stealth        | 1 2 3 4 |  4.4
Unarmed Combat | 4 5 |  5.2
Transmutations | 3 |  3.4
Fighting       | |  1.0
Dodging        | |  1.5
Spellcasting   | |  2.0

Action                   |  1- 3 |  4- 6 || total
-------------------------+-------+-------++-------
Melee: Unarmed           |    81 |    93 ||   174
       Headbutt          |     3 |     6 ||     9
       Punch             |       |     2 ||     2
 Cast: Beastly Appendage |     8 |     7 ||    15
       Spider Form       |       |     3 ||     3
 Abil: Spit Poison       |    20 |    21 ||    41
  Use: Potion            |     1 |     1 ||     2
       Scroll            |       |     9 ||     9
 Stab: Sleeping          |       |     3 ||     3
  Eat: Chunk             |     3 |     2 ||     5
       Ration            |       |     2 ||     2
Armor: Robe              |    19 |    11 ||    30
       Skin              |       |     1 ||     1
Dodge: Dodged            |    57 |    75 ||   132

Table legend:
 A = Spawn XP
 B = Non-spawn XP
 C = Spawn XP percentage of total XP
 D = Spawn monster count
 E = Non-spawn monster count
 F = Spawn count percentage of total count
 G = Total turns spent on level
                    A         B        C        D         E        F      G
               +---------+---------+-------+---------+---------+-------+---------
         Total |       0 |     369 |   0.0 |       0 |      82 |   0.0 |  4989
               +---------+---------+-------+---------+---------+-------+---------
           D:1 |       0 |      46 |   0.0 |       0 |      24 |   0.0 |  1774
           D:2 |       0 |     110 |   0.0 |       0 |      31 |   0.0 |  1504
           D:3 |       0 |      39 |   0.0 |       0 |      15 |   0.0 |   978
           D:4 |       0 |     174 |   0.0 |       0 |      12 |   0.0 |   733
               +---------+---------+-------+---------+---------+-------+---------
